 Dungeon Crawl Stone Soup version 0.22-a0-533-g4d20840 (webtiles) character file.

242 Amnesiac the Ducker (level 5, -1/27 HPs)
             Began as a Spriggan Berserker on June 22, 2018.
             Was a Believer of Trog.
             Slain by a water moccasin skeleton (8 damage)
             ... on level 4 of the Dungeon.
             The game lasted 00:04:17 (2867 turns).

Amnesiac the Ducker (Spriggan Berserker)            Turns: 2867, Time: 00:04:18

Health: -1/27      AC:  4    Str: 16    XL:     5   Next: 81%
Magic:  7/8        EV: 21    Int:  8    God:    Trog [**....]
Gold:   122        SH:  0    Dex: 16    Spells: 4/4 levels left

rFire    . . .     SeeInvis +   a - +0 dagger (drain)
rCold    . . .     Gourm    .   (shield restricted)
rNeg     . . .     Faith    .   q - +0 animal skin
rPois    .         Spirit   .   s - +2 hat
rElec    .         Reflect  .   (no cloak)
rCorr    .         Harm     .   (gloves unavailable)
MR       .....                  (boots unavailable)
Stlth    +++.......             (no amulet)
HPRegen  0.09/turn              k - ring of flight
MPRegen  0.11/turn              e - +2 ring of strength

@: very quick
A: very small, unfitting armour, see invisible, herbivore, speed 3, slow
metabolism 2
a: Berserk, Trog's Hand, Renounce Religion, Evoke Flight


You were on level 4 of the Dungeon.
You worshipped Trog.
Trog was pleased with you.
You were not hungry.

You visited 1 branch of the dungeon, and saw 4 of its levels.

You collected 122 gold pieces.

Inventory:

Hand Weapons
 a - a +0 dagger of draining (weapon)
 b - a -3 hunting sling
Missiles
 f - 95 stones (quivered)
Armour
 q - a +0 animal skin (worn)
 s - a +2 hat (worn)
Jewellery
 e - a +2 ring of strength (right hand)
 k - a ring of flight (left hand)
Scrolls
 d - a scroll of noise {!r, unknown}
 g - a scroll of amnesia {!r, unknown}
 h - 3 scrolls of remove curse {!r}
 i - 3 scrolls of identify {!r, unknown}
 j - 4 scrolls of teleportation {!r, unknown}
 l - a scroll of enchant armour {!r, unknown}
 n - a scroll of blinking {!r, unknown}
 p - a scroll of immolation {!r, unknown}
Potions
 m - 4 potions of curing {!q, unknown}
 o - a potion of agility {!q, unknown}
 r - a potion of lignification {!q, unknown}
Comestibles
 c - 4 rations


   Skills:
 - Level 2.4 Fighting
 * Level 4.9 Short Blades
 - Level 1.0 Slings
 + Level 5.5 Dodging
 + Level 5.0 Stealth
 + Level 2.6 Evocations


You had 4 spell levels left.
You didn't know any spells.
Your spell library was empty.

Dungeon Overview and Level Annotations

Branches:
Dungeon (4/15)
 Temple: D:4-7

Altars:
Fedhas
Ru


Innate Abilities, Weirdness & Mutations

You are very small and have problems with some larger weapons.
You are too small for most types of armour.
You have supernaturally acute eyesight. (SInv)
You are a herbivore.
You cover ground extremely quickly.
You need to consume almost no food.


Message History

The centaur skeleton barely misses you.
The howler monkey completely misses you.
You hit the centaur skeleton.
The centaur skeleton is severely damaged.
The water moccasin skeleton bites you. The centaur skeleton misses you.
The howler monkey hits you.
You hit the centaur skeleton.
The centaur skeleton is almost destroyed.
The centaur skeleton hits you. The water moccasin skeleton bites you!
* * * LOW HITPOINT WARNING * * *
The howler monkey closely misses you.
You hit the howler monkey but do no damage.
You drain the howler monkey!
The howler monkey is lightly wounded.
The centaur skeleton hits you.
* * * LOW HITPOINT WARNING * * *
The water moccasin skeleton closely misses you.
The howler monkey barely misses you.
You closely miss the howler monkey.
The howler monkey is lightly wounded.
The centaur skeleton barely misses you.
The water moccasin skeleton bites you but does no damage.
You hit the howler monkey. You drain the howler monkey!
The howler monkey is severely wounded.
The howler monkey hits you but does no damage.
You closely miss the howler monkey.
The howler monkey is severely wounded.
The howler monkey misses you.
You hit the howler monkey.
The howler monkey is severely wounded.
The water moccasin skeleton misses you. The howler monkey misses you.
You hit the howler monkey. You drain the howler monkey!
You kill the howler monkey!
Trog accepts your kill.
Your Stealth skill increases to level 5!
The water moccasin skeleton bites you.
* * * LOW HITPOINT WARNING * * *
You hit the water moccasin skeleton.
The water moccasin skeleton is lightly damaged.
You hit the water moccasin skeleton but do no damage.
The water moccasin skeleton is lightly damaged.
The water moccasin skeleton completely misses you.
You barely miss the water moccasin skeleton.
The water moccasin skeleton is lightly damaged.
The water moccasin skeleton misses you.
You closely miss the water moccasin skeleton.
The water moccasin skeleton is lightly damaged.
The water moccasin skeleton closely misses you.
You hit the water moccasin skeleton.
The water moccasin skeleton is lightly damaged.
The water moccasin skeleton misses you.
You hit the water moccasin skeleton but do no damage.
The water moccasin skeleton is lightly damaged.
The water moccasin skeleton misses you.
You hit the water moccasin skeleton.
The water moccasin skeleton is lightly damaged.
The water moccasin skeleton bites you but does no damage.
You hit the water moccasin skeleton.
The water moccasin skeleton is moderately damaged.
The water moccasin skeleton misses you.
You hit the water moccasin skeleton.
The water moccasin skeleton is moderately damaged.
The water moccasin skeleton bites you!
You die...

#.....###
#...÷.#
.....#.#.##
### #.#..#
#.#..#
####.#..##
#....#††Z#
##<†#Z#####
#..#@....#
...###...##
#..## #..#
#..# #...
#..# #..#
...# #...
.## ##.


You could see a water moccasin skeleton and a centaur skeleton.

Vanquished Creatures
  A howler monkey (D:4)
  An orc priest (D:3)
  An orc wizard (D:3)
  A worker ant (D:3)
  3 gnolls (D:3)
  2 adders (D:2)
  An ooze (D:3)
  5 worms
  A dart slug (D:2)
  A leopard gecko (D:2)
  2 orcs (D:3)
  A ball python (D:4)
  8 giant cockroaches
  4 hobgoblins
  4 jackals
  2 quokkas
  10 bats
  2 frilled lizards (D:2)
  4 goblins
  A kobold (D:2)
  6 rats
61 creatures vanquished.

Notes
Turn   | Place    | Note
-------+----------+-------------------------------------------
     0 | D:1      | Amnesiac the Spriggan Berserker began the quest for the Orb.
     0 | D:1      | Reached XP level 1. HP: 11/11 MP: 2/2
    74 | D:1      | Reached skill level 1 in Stealth
   589 | D:2      | Reached XP level 2. HP: 16/16 MP: 3/3
   830 | D:2      | Reached XP level 3. HP: 19/19 MP: 4/4
  1152 | D:2      | Reached skill level 1 in Evocations
  1162 | D:2      | Found a sacrificial altar of Ru.
  1310 | D:2      | Reached ** piety under Trog
  1454 | D:2      | Found a blossoming altar of Fedhas.
  1726 | D:3      | Reached XP level 4. HP: 8/23 MP: 6/6
  2162 | D:3      | Reached skill level 5 in Dodging
  2169 | D:3      | Reached XP level 5. HP: 27/27 MP: 7/7
  2173 | D:3      | Reached skill level 1 in Slings
  2857 | D:4      | Reached skill level 5 in Stealth
  2867 | D:4      | Slain by a water moccasin skeleton

Vault maps used:
D:1:      minmay_arrival_open_corners, kennysheep_nondescript
D:2:      old_standard_altar, marbit_many_paths
D:4:      tso_metal_star, minmay_temple_entry_glass, serial_shops, shop,
          gammafunk_ghost_grave, kb_xom_exploding_sheep

Skill      XL: |  1  2  3  4  5 |
---------------+----------------+-----
Stealth        | 2 3 4 5 |  5.0
Evocations     | 1 2 |  2.6
Short Blades   | 4 |  4.9
Dodging        | 5 |  5.5
Slings         | 1 |  1.0
Fighting       | |  2.4

Action                   |  1- 3 |  4- 6 || total
-------------------------+-------+-------++-------
Melee: Short sword       |   157 |    14 ||   171
       Dagger            |       |    88 ||    88
Invok: Berserk           |       |     1 ||     1
  Use: Scroll            |       |     1 ||     1
 Stab: Sleeping          |     6 |     8 ||    14
  Eat: Ration            |       |     2 ||     2
Armor: Animal skin       |    16 |     7 ||    23
Dodge: Dodged            |   117 |    71 ||   188

Table legend:
 A = Spawn XP
 B = Non-spawn XP
 C = Spawn XP percentage of total XP
 D = Spawn monster count
 E = Non-spawn monster count
 F = Spawn count percentage of total count
 G = Total turns spent on level
                    A         B        C        D         E        F      G
               +---------+---------+-------+---------+---------+-------+---------
         Total |       0 |     346 |   0.0 |       0 |      61 |   0.0 |  2867
               +---------+---------+-------+---------+---------+-------+---------
           D:1 |       0 |      11 |   0.0 |       0 |       7 |   0.0 |   586
           D:2 |       0 |      77 |   0.0 |       0 |      24 |   0.0 |   981
           D:3 |       0 |     199 |   0.0 |       0 |      24 |   0.0 |  1233
           D:4 |       0 |      59 |   0.0 |       0 |       6 |   0.0 |    67
               +---------+---------+-------+---------+---------+-------+---------
